 Dungeon Crawl Stone Soup version 0.27-a0-1529-g1e82c303ef (webtiles) character file.

Game seed: 2796540076890530930

72 dickylongcocking the Magician (level 4, -2/32 HPs)
             Began as a Djinni Wanderer on July 11, 2021.
             Slain by Sigmund (7 damage)
             ... on level 2 of the Dungeon.
             The game lasted 00:02:37 (2299 turns).

dickylongcocking the Magician (Djinni Wanderer)     Turns: 2299, Time: 00:02:38

Health: -2/32      AC:  9    Str: 12    XL:     4   Next: 48%
Gold:   55         EV:  8    Int: 12    God:
                   SH:  0    Dex: 14

rFire    + + .     SeeInvis .   f - +2 dagger (holy)
rCold    x . .     Faith    .   (no shield)
rNeg     . . .     Spirit   .   j - +0 scale mail
rPois    ∞         Reflect  .   (no helmet)
rElec    .         Harm     .   m - +1 cloak
rCorr    .         Rampage  .   c - +0 pair of gloves
Will     .....                  (boots unavailable)
Stlth    ..........             (no amulet)
HPRegen  0.10/turn              (no ring)
MPRegen  0.00/turn              (no ring)

@: flying, very slightly contaminated
A: sickness immunity, fire resistance 2, cold vulnerability 1, float, innate
caster, hp casting, extra vitality 1
a: no special abilities


You were on level 2 of the Dungeon.
You visited 1 branch of the dungeon, and saw 2 of its levels.

You collected 55 gold pieces.

Inventory:

Hand Weapons
 a - a +0 dagger
 e - a +1 whip of flaming
 f - a +2 dagger of holy wrath (weapon)
Armour
 b - a +0 robe
 c - a +0 pair of gloves (worn)
 j - a +0 scale mail (worn)
 m - a +1 cloak (worn)
Jewellery
 i - an amulet of the acrobat
 k - a +4 ring of evasion
Wands
 l - a wand of flame (14)
Scrolls
 d - a scroll of enchant armour {unknown}
 h - a scroll of teleportation {unknown}


   Skills:
 * Level 1.5 Fighting
 - Level 1.0 Axes
 - Level 1.0 Throwing
 * Level 1.4 Armour
 - Level 0.3 Dodging
 - Level 0.2 Stealth
 * Level 4.9 Spellcasting
 - Level 1.0 Evocations


You couldn't memorise any spells.
You knew the following spells:

 Your Spells              Type           Power      Damage    Failure   Level
a - Magic Dart            Conj           56%        1d5       14%         1
b - Blink                 Tloc           N/A        N/A       22%         2
c - Call Imp              Summ           14%        N/A       22%         2
d - Slow                  Hex            14%        N/A       22%         2
e - Conjure Flame         Conj/Fire      14%        6-21      41%         3
f - Mephitic Cloud        Conj/Pois/Air  14%        N/A       41%         3
g - Ignite Poison         Fire/Tmut/Pois 14%        N/A       41%         3
h - Sting                 Tmut/Pois      56%        1d5       14%         1
i - Pain                  Necr           56%        1d6       14%         1

Your spell library contained the following spells:

 Spells                   Type           Power      Damage    Failure   Level


Dungeon Overview and Level Annotations

Branches:
Dungeon (2/15)

Altars:

Annotations:
D:2 Sigmund


Innate Abilities, Weirdness & Mutations

You are immune to sickness and miasma.
You are immune to poison.
Your flesh is very heat resistant. (rF++)
You are vulnerable to cold. (rC-)
You float through the air rather than walking.
You learn spells naturally, not from books.
Your magical power is your life essence.
You have superior vitality. (+4 HP)


Message History

Okay, then.
It was a potion of ambrosia.
You are confused.
You feel invigorated. Something hits you.
* * * LOW HITPOINT WARNING * * *
Unknown command.
Something hits you but does no damage. Something hits you but does no damage.
You feel less invigorated.
You feel less confused. Something hits you. Something hits you.
Something hits you.
* * * LOW HITPOINT WARNING * * *
Casting: Ignite Poison (extremely dangerous; 41% risk of failure)
Confirm with . or Enter, or press ? or * to list all spells.
Aiming: Sting (safe; 14% risk of failure)
Press: ? - help, Shift-Dir - straight line
* * * LOW HITPOINT WARNING * * *
A magic dart appears from out of thin air!
The magic dart hits you.
* * * LOW HITPOINT WARNING * * *
Unknown command.
Unknown command.
Unknown command.
Casting: Sting (safe; 14% risk of failure)
Confirm with . or Enter, or press ? or * to list all spells.
Okay, then.
Unknown command.
Casting: Sting (safe; 14% risk of failure)
Confirm with . or Enter, or press ? or * to list all spells.
Okay, then.
Casting: Sting (safe; 14% risk of failure)
Confirm with . or Enter, or press ? or * to list all spells.
Aiming: Pain (safe; 14% risk of failure)
Press: ? - help, Shift-Dir - straight line You miscast Pain.
Nothing appears to happen.
* * * LOW HITPOINT WARNING * * *
Something hits you!
You die...

#...####..............
(... ..##....#.#......
..
........#..).....######
.......................
........#...............
...##...................
....#...................
.........{##............
.......@......###.......
......#####...# ......S
....## .#...........
.... . .....##### ..
...#. #### ..#. #...
.#.. #.## ..... #.##
......#'##


There were no monsters in sight!

Vanquished Creatures
  2 adders (D:2)
  A worm (D:2)
  5 dart slugs (D:1)
  6 ball pythons
  3 endoplasms
  2 giant cockroaches (D:2)
  A hobgoblin (D:2)
  6 jackals (D:1)
  3 bats (D:1)
  A frilled lizard (D:1)
  6 goblins
  2 kobolds (D:1)
  3 rats (D:1)
41 creatures vanquished.

Notes
Turn   | Place    | Note
-------+----------+-------------------------------------------
     0 | D:1      | dickylongcocking the Djinni Wanderer began the quest for
                  | the Orb.
     0 | D:1      | Reached XP level 1. HP: 17/17 MP: 0/0
    96 | D:1      | Reached XP level 2. HP: 10/22 MP: 0/0
   510 | D:1      | Reached XP level 3. HP: 24/27 MP: 0/0
   510 | D:1      | Learned a level 1 spell: Pain
  1092 | D:1      | Found a faded altar of an unknown god.
  1209 | D:1      | Found a faded altar of an unknown god.
  1666 | D:2      | Reached XP level 4. HP: 13/32 MP: 0/0
  2283 | D:2      | Noticed Sigmund
  2299 | D:2      | Slain by Sigmund

Illustrated notes

Levels and vault maps discovered:
D:1:      tarquinn_simple_flora_water_a, layout_basic,
          hellmonk_ecumenical_altar_the_god_not_taken, supply_closet_lemuel
D:2:      layout_basic, minmay_tetromino_i4, uniq_sigmund

Action                   |  1- 3 |  4- 6 || total
-------------------------+-------+-------++-------
Melee: Dagger            |    43 |    25 ||    68
 Cast: Sting             |    47 |    10 ||    57
       Magic Dart        |     3 |       ||     3
       Pain              |       |     2 ||     2
  Use: Potion            |       |     1 ||     1
Armor: Robe              |    14 |       ||    14
       Scale mail        |    15 |    18 ||    33
Dodge: Dodged            |    33 |    15 ||    48

Table legend: (Time is in decaauts)
 A = Elapsed time spent in this place.
 B = Non-inter-level travel time spent in this place.
 C = Inter-level travel time spent in this place.
 D = Time resting spent in this place.
 E = Time spent auto-exploring this place.
 F = Levels seen in this place.
 G = Mean time per level.
                   A        B        C        D        E       F      G
               +--------+--------+--------+--------+--------+-----+--------+
         Total |   2297 |   2266 |     31 |    247 |   1705 |   2 | 1148.5 |
       Dungeon |   2297 |   2266 |     31 |    247 |   1705 |   2 | 1148.5 |
               +--------+--------+--------+--------+--------+-----+--------+

Top non-repeatable levels by time:
     D:1: 1616 daAuts
     D:2: 681 daAuts
